 Dungeon Sprint DCSS version 0.30-a0-177-g1cb5dbfd7a (webtiles) character file.

Game seed: 619909765464952460

182 mhtbhm the Geomancer (level 5, -1/28 HPs)
             Began as a Gargoyle Earth Elementalist on Oct 2, 2022.
             Was an Initiate of Vehumet.
             Killed by divine providence
             ... invoked by an orc priest
              (13 damage)
             ... in the Dungeon (Sprint IX: "|||||||||||||||||||||||||||||").
             The game lasted 00:02:02 (531 turns).

mhtbhm the Geomancer (Gargoyle Earth Elementalist)   Turns: 531, Time: 00:02:02

Health: -1/28      AC:  8    Str: 11    XL:     5   Next: 61%
Magic:  0/13       EV: 13    Int: 18    God:    Vehumet [......]
Gold:   0          SH:  0    Dex: 16    Spells: 6/16 levels left

rFire   . . .      SeeInvis .    j - +2 morningstar (protect)
rCold   . . .      Faith    .    (no shield)
rNeg    + . .      Spirit   .    a - +0 robe
rPois   ∞          Reflect  .    l - +0 helmet
rElec   +          Harm     .    (no cloak)
rCorr   .          Rampage  .    k - +0 pair of gloves
Will    .....      NoTele   +    (no boots)
Stlth   +++.......               (no amulet)
HPRegen 0.24/turn                m - +3 ring of dexterity
MPRegen 0.13/turn                n - +3 ring of dexterity

@: hasted, very quick
A: sickness immunity, AC +4, negative energy resistance 1, electricity
resistance, torment resistance 1, petrification resistance
a: Renounce Religion


You were in the Dungeon.
You worshipped Vehumet.
Vehumet was noncommittal.
You visited 1 branch

Inventory:

Hand Weapons
 j - a +2 morningstar of protection (weapon)
Armour
 a - a +0 robe (worn)
 k - a +0 pair of gloves (worn)
 l - a +0 helmet (worn)
Jewellery
 m - a +3 ring of dexterity (left hand)
 n - a +3 ring of dexterity (right hand)
Wands
 i - a wand of acid (8)
Scrolls
 g - 2 scrolls of amnesia
 h - a scroll of blinking
Potions
 b - 4 potions of magic
 c - a potion of invisibility
 d - 2 potions of heal wounds
 f - 4 potions of curing


   Skills:
 + Level 3.3 Dodging
 + Level 4.1 Stealth
 + Level 1.2 Unarmed Combat
 + Level 6.0 Spellcasting
 + Level 0.9 Conjurations
 + Level 1.3 Transmutations
 + Level 9.5 Earth Magic


You had 6 spell levels left.
You knew the following spells:

 Your Spells              Type           Power      Damage    Failure   Level
a - Sandblast             Erth           78%        2d17      1%          1
b - Passwall              Tmut/Erth      20%        N/A       1%          2
c - Stone Arrow           Conj/Erth      48%        3d10      4%          3
d - Petrify               Tmut/Erth      24%        N/A       13%         4

Your spell library contained the following spells:

 Spells                   Type           Power      Damage    Failure   Level


Dungeon Overview and Level Annotations

Branches:
Dungeon (1/1)

Altars:
Cheibriados
Dithmenos
Elyvilon
Fedhas
Gozag
Hepliaklqana
Kikubaaqudgha
Makhleb
Nemelex Xobeh
Okawaru
Qazlal
Ru
Sif Muna
Trog
Uskayaw
Vehumet
Wu Jian
Xom
Yredelemnul
Zin
The Shining One
Jiyva
Lugonu


Innate Abilities, Weirdness & Mutations

You are immune to sickness and miasma.
Your stone body is resilient. (AC +4)
You are immune to poison.
You resist negative energy. (rN+)
You are resistant to electric shocks. (rElec)
You are resistant to unholy torment.
You are immune to petrification.


Message History

Your Stealth skill increases to level 4!
Your Unarmed Combat skill increases to level 1!
Your Spellcasting skill increases to level 6!
Your Earth Magic skill increases to level 9!
Unknown command.
You feel yourself speed up.
The orc priest miscasts a cantrip.
You see here a +2 ring mail.
Okay, then.
Aiming: Corrosive Bolt
Press: ? - help, Shift-Dir - straight line, f - orc warrior
Aim: an orc warrior, wielding a +0 mace and wearing a +0 plate armour (71% to hit)
The bolt of acid misses the orc warrior.
The bolt of acid misses the orc priest.
The bolt of acid hits something!
Unknown command.
Unknown command.
Unknown command.
Aiming: Corrosive Bolt
Press: ? - help, Shift-Dir - straight line, f/p - orc warrior
Aim: an orc warrior, wielding a +0 mace and wearing a +0 plate armour (71% to hit)
The bolt of acid hits the orc warrior.
The acid corrodes the orc warrior!
The orc warrior is lightly wounded.
The bolt of acid hits the orc priest!
The acid corrodes the orc priest!
The orc priest is almost dead.
The bolt of acid hits something!
The acid corrodes something!
Unknown command.
Your magical contamination has completely faded away.
Casting: Stone Arrow (dangerous; 4% risk of failure)
Confirm with . or Enter, or press ? or * to list all spells.
Aiming: Sandblast (safe; 1% risk of failure)
Press: ? - help, Shift-Dir - straight line, f/p - orc warrior
Aim: an orc warrior, wielding a +0 mace and wearing a +0 plate armour (lightly wounded, covered in acid, 84% to hit)
The blast of sand hits the orc warrior!
The orc warrior is heavily wounded.
Unknown command.
Unknown command.
Items here: ))))).
The orc priest mumbles some strange prayers to Beogh against you.
Beogh smites you!
You die... ▓▓▓▓▓▓▓▓▓▓▓▓▓▓▓▓▓▓▓▓▓▓▓▓▓▓▓▓▓▓▓▓▓ .W...)'.T[.o.)o.@________________ ▓▓▓▓▓▓▓▓▓▓▓▓▓▓▓▓▓▓▓▓▓▓▓▓▓▓▓▓▓▓▓▓▓

You could see an orc warrior (corroded) and an orc priest (corroded).

Vanquished Creatures
  A gnoll sergeant (D)
  A jelly (D)
  A hound (D)
  An iguana (D)
  An orc wizard (D)
  A white imp (D)
  An endoplasm (D)
  A giant cockroach (D)
  A goblin (D)
  A jackal (D)
  A quokka (D)
11 creatures vanquished.

Notes
Turn   | Place    | Note
-------+----------+-------------------------------------------
     0 | D        | mhtbhm the Gargoyle Earth Elementalist began the quest for
                  | the Orb.
     0 | D        | Reached XP level 1. HP: 10/10 MP: 3/3
     5 | D        | Reached skill level 4 in Earth Magic
    34 | D        | Reached skill level 1 in Transmutations
    36 | D        | Reached skill level 5 in Earth Magic
    36 | D        | Reached XP level 2. HP: 15/15 MP: 0/5
   178 | D        | Learned a level 2 spell: Passwall
   197 | D        | Reached skill level 6 in Earth Magic
   197 | D        | Reached XP level 3. HP: 5/19 MP: 0/7
   360 | D        | Learned a level 3 spell: Stone Arrow
   365 | D        | Reached skill level 7 in Earth Magic
   365 | D        | Reached XP level 4. HP: 24/24 MP: 5/10
   408 | D        | Learned a level 4 spell: Petrify
   411 | D        | Reached skill level 8 in Earth Magic
   413 | D        | Reached skill level 5 in Spellcasting
   413 | D        | Reached XP level 5. HP: 28/28 MP: 7/12
   451 | D        | Found a snail-covered altar of Cheibriados.
   451 | D        | Found a shadowy altar of Dithmenos.
   451 | D        | Found a white marble altar of Elyvilon.
   451 | D        | Found a blossoming altar of Fedhas.
   451 | D        | Found an opulent altar of Gozag.
   452 | D        | Found a hazy altar of Hepliaklqana.
   453 | D        | Found a viscous altar of Jiyva.
   454 | D        | Found an ancient bone altar of Kikubaaqudgha.
   455 | D        | Found a corrupted altar of Lugonu.
   456 | D        | Found a burning altar of Makhleb.
   457 | D        | Found a sparkling altar of Nemelex Xobeh.
   458 | D        | Found an iron altar of Okawaru.
   459 | D        | Found a stormy altar of Qazlal.
   460 | D        | Found a sacrificial altar of Ru.
   461 | D        | Found a shimmering blue altar of Sif Muna.
   462 | D        | Found a bloodstained altar of Trog.
   463 | D        | Found a hide-covered altar of Uskayaw.
   464 | D        | Found a radiant altar of Vehumet.
   465 | D        | Found an ornate altar of the Wu Jian Council.
   466 | D        | Found a shimmering altar of Xom.
   467 | D        | Found a basalt altar of Yredelemnul.
   468 | D        | Found a glowing silver altar of Zin.
   469 | D        | Found a glowing golden altar of the Shining One.
   476 | D        | Became a worshipper of Vehumet
   514 | D        | Noticed a shadow
   514 | D        | Noticed a troll
   514 | D        | Noticed a vampire
   514 | D        | Noticed an orc warrior
   519 | D        | Reached skill level 1 in Unarmed Combat
   519 | D        | Reached skill level 9 in Earth Magic
   531 | D        | Killed from afar by an orc priest

Illustrated notes

Levels and vault maps discovered:
D:        linesprint [early_d, line_temple, items_1, d_10, items_2, lair_1,
          lair_end, items_3, orc_1, orc_end, items_4, d_15, swamp_1, shoals_1,
          snake_1, spider_1, d_20, vaults_1, items_5, swamp_end, shoals_end,
          snake_end, spider_end, vaults_end, d_27, items_6, zot_1, zot_end,
          crypt_end, forest_end, elf_end, slime_end, tomb_end, abyss_end,
          pan_hell_end]

Skill      XL: |  1  2  3  4  5 |
---------------+----------------+-----
Earth Magic    | 5 6 7 8 9 |  9.5
Transmutations | 1 |  1.3
Dodging        | 2 3 |  3.3
Spellcasting   | 3 4 5 6 |  6.0
Stealth        | 3 4 |  4.1
Unarmed Combat | 1 |  1.2
Conjurations   | |  0.9

Action                   |  1- 3 |  4- 6 || total
-------------------------+-------+-------++-------
Melee: Unarmed           |     3 |     1 ||     4
       Punch             |       |     1 ||     1
 Cast: Sandblast         |    15 |     4 ||    19
       Stone Arrow       |       |     3 ||     3
Evoke: Wand              |       |     2 ||     2
  Use: Potion            |     4 |     1 ||     5
       Scroll            |     1 |       ||     1
Armor: Robe              |     5 |     1 ||     6
Dodge: Dodged            |     9 |     1 ||    10

Table legend: (Time is in decaauts)
 A = Elapsed time spent in this place.
 B = Non-inter-level travel time spent in this place.
 C = Inter-level travel time spent in this place.
 D = Time resting spent in this place.
 E = Time spent auto-exploring this place.
 F = Levels seen in this place.
 G = Mean time per level.
                   A        B        C        D        E       F      G
               +--------+--------+--------+--------+--------+-----+--------+
         Total |    544 |    544 |      0 |    388 |      3 |   1 |  544.0 |
       Dungeon |    544 |    544 |      0 |    388 |      3 |   1 |  544.0 |
               +--------+--------+--------+--------+--------+-----+--------+

Top non-repeatable levels by time:
       D: 544 daAuts
